 Dungeon Crawl Stone Soup version 0.27-b1-41-gafb5482f4b (webtiles) character file.

Game seed: 1762442962782120355

153926 ZARRMARR the Deadly Accurate (level 16, -9/126 HPs)
             Began as a Minotaur Fighter on July 28, 2021.
             Was a High Priest of Hepliaklqana.
             Hit by a javelin thrown by a merfolk javelineer (11 damage)
             ... on level 4 of the Shoals on July 29, 2021.
             The game lasted 05:13:30 (26655 turns).

ZARRMARR the Deadly Accurate (Minotaur Fighter)    Turns: 26655, Time: 05:13:33

Health: -9/126     AC: 37    Str: 30    XL:     16   Next: 77%
Magic:  15/15      EV:  8    Int:  7    God:    Hepliaklqana [*****.]
Gold:   1609       SH: 24    Dex: 14    Spells: 15/15 levels left

rFire    . . .     SeeInvis .   U - +2 eveningstar (flame)
rCold    . . .     Faith    .   c - +2 tower shield
rNeg     . . .     Spirit   .   V - +13 plate armour "Acag" {Int+2}
rPois    +         Reflect  .   W - +1 hat
rElec    .         Harm     .   P - +2 cloak {rPois}
rCorr    .         Rampage  .   q - +0 pair of gloves
Will     +....                  M - +0 pair of boots
Stlth    ..........             S - amulet of regeneration
HPRegen  1.31/turn              m - +6 ring of strength
MPRegen  0.14/turn              w - ring of flight

@: about to teleport, flying, studying 2 skills
A: reduced essence, horns 2, retaliatory headbutt
}: 1/15 runes: gossamer
a: Renounce Religion, Recall Ancestor, Ancestor Identity, Transference, Idealise


You were on level 4 of the Shoals.
You worshipped Hepliaklqana.
Hepliaklqana was extremely pleased with you.
You visited 4 branches of the dungeon, and saw 20 of its levels.
You also visited: Sewer and Ice Cave.

You collected 1655 gold pieces.
You spent 46 gold pieces at shops.

Inventory:

Hand Weapons
 s - a +0 lajatang of freezing
 H - the +5 hand axe of the Eternal Warrior {flame, Str+3 Dex+3}
   (You found it on level 1 of the Lair of Beasts)

   It burns those it strikes, dealing additional fire damage.
   Big, fiery blades are also staple armaments of hydra-hunters.
   Str:       It affects your strength (+3).
   Dex:       It affects your dexterity (+3).
 U - a +2 eveningstar of flaming (weapon)
Missiles
 z - 31 boomerangs (quivered)
 N - 7 silver boomerangs
 O - 14 silver javelins
 R - 2 curare-tipped darts
Armour
 c - a +2 tower shield (worn)
 l - +0 ice dragon scales
 q - a +0 pair of gloves (worn)
 M - a +0 pair of boots (worn)
 P - a +2 cloak of poison resistance (worn)
 V - the +13 plate armour "Acag" (worn) {Int+2}
   (You found it on level 9 of the Dungeon)

   Int:       It affects your intelligence (+2).
 W - a +1 hat (worn)
 X - the +0 tower shield "Xusia" {Harm Rampage}
   (You took it off Louise on level 2 of the Spider Nest)

   Harm:      It increases damage dealt and taken.
   Rampage:   It bestows one free step when moving towards enemies.
Jewellery
 b - a ring of protection from cold
 e - a +6 ring of strength
 m - a +6 ring of strength (left hand)
 u - the ring of Laemomp {Fire rElec Int+2 Dex+2}
   (You found it in an ice cave)

   [ring of fire]

   It enhances your fire magic.
   Int:       It affects your intelligence (+2).
   Dex:       It affects your dexterity (+2).
   rF:        It protects you from fire.
   rC:        It makes you vulnerable to cold.
   rElec:     It insulates you from electricity.
 w - a ring of flight (right hand)
 C - a ring of fire
 S - an amulet of regeneration (around neck)
Wands
 B - a wand of paralysis (11)
 D - a wand of polymorph (36)
 I - a wand of iceblast (25)
 Q - a wand of acid (5)
 T - a wand of flame (43)
Scrolls
 f - 3 scrolls of fog
 g - 4 scrolls of teleportation
 h - 2 scrolls of magic mapping
 t - 5 scrolls of amnesia
 v - a scroll of enchant armour
 x - a scroll of silence
 y - 3 scrolls of blinking
 G - a scroll of brand weapon {unknown}
 K - 3 scrolls of fear
 Y - 2 scrolls of vulnerability {unknown}
 Z - a scroll of immolation {unknown}
Potions
 a - a potion of degeneration {unknown}
 d - 2 potions of might
 i - 7 potions of curing
 j - 7 potions of brilliance
 k - 5 potions of flight
 n - 4 potions of haste {unknown}
 o - 2 potions of magic {unknown}
 p - 3 potions of berserk rage {unknown}
 A - 2 potions of attraction {unknown}
 E - 4 potions of mutation {unknown}
 F - a potion of cancellation {unknown}
 J - 2 potions of heal wounds
Miscellaneous
 L - a tin of tremorstones (2/2)


   Skills:
 + Level 12.5 Fighting
 - Level 12.5(15.1) Axes
 - Level 14.3(16.0) Maces & Flails
 - Level 16.0 Throwing
 + Level 15.0 Armour
 + Level 4.5 Dodging
 * Level 15.4 Shields
 + Level 1.4 Evocations


You had 15 spell levels left.
You didn't know any spells.
Your spell library contained the following spells:

 Spells                   Type           Power      Damage    Failure   Level
 Beastly Appendage        Tmut           0%         N/A       100%        1
 Foxfire                  Conj/Fire      0%         2x1d4     100%        1
 Magic Dart               Conj           0%         1d3       100%        1
 Sandblast                Erth           0%         2d4       100%        1
 Summon Small Mammal      Summ           0%         N/A       100%        1
 Call Imp                 Summ           0%         N/A       100%        2
 Passwall                 Tmut/Erth      0%         N/A       100%        2
 Wereblood                Tmut           0%         N/A       100%        2
 Call Canine Familiar     Summ           0%         N/A       100%        3
 Conjure Flame            Conj/Fire      0%         6-21      100%        3
 Frozen Ramparts          Ice            0%         1d2       100%        3
 Inner Flame              Hex/Fire       0%         N/A       100%        3
 Mephitic Cloud           Conj/Pois/Air  0%         N/A       100%        3
 Spider Form              Tmut/Pois      0%         N/A       100%        3
 Stone Arrow              Conj/Erth      0%         3d7       100%        3
 Summon Guardian Golem    Hex/Summ       0%         N/A       100%        3
 Animate Armour           Summ/Erth      0%         N/A       100%        4
 Animate Dead             Necr           0%         N/A       100%        4
 Hailstorm                Conj/Ice       0%         3d3       100%        4
 Ice Form                 Ice/Tmut       0%         N/A       100%        4
 Passage of Golubria      Tloc           N/A        N/A       100%        4
 Summon Ice Beast         Ice/Summ       0%         N/A       100%        4
 Borgnjor's Vile Clutch   Necr/Erth      0%         N/A       100%        5
 Fireball                 Conj/Fire      0%         3d3       100%        5
 Iskenderun's Battlesphe  Conj           0%         2d6       100%        5
 Lee's Rapid Deconstruct  Erth           0%         3d5*      100%        5
 Silence                  Hex/Air        0%         N/A       100%        5
 Summon Forest            Summ/Tloc      0%         N/A       100%        5
 Conjure Ball Lightning   Conj/Air       0%         3x3d6     100%        6
 Death Channel            Necr           0%         N/A       100%        6
 Eringya's Noxious Bog    Tmut/Pois      0%         N/A       100%        6
 Simulacrum               Ice/Necr       0%         N/A       100%        6
 Orb of Destruction       Conj           0%         N/A       100%        7
 Summon Hydra             Summ           0%         N/A       100%        7
 Lehudib's Crystal Spear  Conj/Erth      0%         10d2      100%        8


Dungeon Overview and Level Annotations

Branches:
Dungeon (9/15)             Temple (0/1) D:6            Lair (3/6) D:9
 Shoals (4/4) Lair:3       Spider (4/4) Lair:2        Sewer (visited)
  IceCv (visited)
    Orc: D:9-12

Altars:
Ashenzari
Fedhas
Gozag
Hepliaklqana
Kikubaaqudgha
Ru
Trog
Uskayaw
Vehumet
Xom
Zin

Shops:
D:5 *   D:9 *   Shoals:1 *(   Shoals:3 [

Annotations:
Lair:3 3 runed translucent doors, hawkwood's ghost, journeyman DgAr


Innate Abilities, Weirdness & Mutations

Your life essence is reduced to manifest your ancestor. (-10% HP)
You have a pair of horns on your head.
You reflexively headbutt those who attack you in melee.


Message History

As you read the scroll of teleportation, it crumbles to dust.
You feel strangely unstable.
You are engulfed in a cloud of scalding steam.
The merfolk javelineer hits you from afar with a +1 vorpal spear.
The merfolk aquamancer hits you with a +5 rapier of venom.
The merfolk javelineer throws a silver javelin.
The silver javelin pierces through you!
The merfolk hits you from afar with a +0 trident.
* * * LOW HITPOINT WARNING * * *
The merfolk hits you but does no damage.
The merfolk javelineer throws a javelin.
The javelin pierces through you.
* * * LOW HITPOINT WARNING * * *
You impale the merfolk!! You burn the merfolk!
The merfolk is heavily wounded.
You are engulfed in a cloud of scalding steam.
You block the merfolk javelineer's attack.
You block the merfolk aquamancer's attack.
The merfolk hits you but does no damage.
The merfolk javelineer throws a silver javelin.
The silver javelin pierces through you.
* * * LOW HITPOINT WARNING * * *
x2 The merfolk javelineer throws a javelin.
The javelin pierces through you.
* * * LOW HITPOINT WARNING * * *
The merfolk hits you but does no damage.
You sock the merfolk! You burn the merfolk. You headbutt the merfolk!
You kill the merfolk!
You are engulfed in a cloud of scalding steam.
The merfolk aquamancer hits you with a +5 rapier of venom!
* * * LOW HITPOINT WARNING * * *
The merfolk javelineer throws a javelin.
The javelin pierces through you but does no damage.
You block the merfolk's attack.
The merfolk javelineer throws a silver javelin.
The silver javelin pierces through you!
* * * LOW HITPOINT WARNING * * *
x2 The merfolk javelineer throws a javelin.
The javelin pierces through you!
You die...

≈≈≈ ≈≈ ≈≈
≈ ###
###m
##.ww#≈m#
#..wZmm≈#
#)@#
#≈≈.mmm##
#..#.#k #
.. mE #.
#.m # ###


You could see a merfolk impaler, 3 merfolk javelineers, a merfolk aquamancer, a
wind drake (repels missiles), 4 merfolk, 3 tentacles, a water elemental and a
kraken simulacrum.

Vanquished Creatures
  Jorgrun (Shoals:1)
  Gastronok (Lair:1)
  Kirke (Shoals:2)
  Frances (Spider:2)
  4 ghost moths
  4 emperor scorpions
  Louise (Spider:2)
  2 entropy weavers (Spider:3)
  A spark wasp (Spider:4)
  2 merfolk javelineers
  4 merfolk impalers
  4 hydras
  4 ice dragons (IceCv)
  A boulder beetle (Spider:2)
  3 merfolk aquamancers
  A merfolk avatar (Shoals:1)
  3 two-headed ogres
  2 satyrs (Shoals:3)
  8 sea snakes
  An orange crystal statue (IceCv)
  An oklob plant (Lair:1)
  8 manticores
  8 wolf spiders
  21 fauns
  12 orb spiders
  2 moths of wrath (Spider:2)
  2 cyclopes (Shoals:3)
  2 water nymphs
  4 centaur zombies
  9 merfolk sirens
  3 elephants (Lair:3)
  A black mamba (Lair:1)
  8 storm dragon simulacra (IceCv)
  6 cane toads
  An ice statue (Shoals:1)
  4 rime drakes
  2 torpor snails
  4 golden dragon simulacra (IceCv)
  7 komodo dragons
  8 demonic crawlers
  12 jumping spiders
  3 polar bears (Lair:2)
  17 merfolk
  A wind drake (Lair:3)
  4 hornets
  9 dream sheep (Shoals:3)
  A snapping turtle (Shoals:3)
  69 redbacks
  36 tarantellas
  2 wyverns
  A basilisk (Lair:1)
  A vampire (D:9)
  20 yaks
  A water elemental (Shoals:2)
  6 hogs (Shoals:2)
  A vampire mosquito (Spider:2)
  9 water moccasins
  4 black bears
  3 ice beasts
  2 orc warriors
  3 ogres
  2 centaurs
  3 ice dragon simulacra (IceCv)
  3 phantoms
  12 wolves
  A kobold brigand (Sewer)
  12 bullfrogs
  2 scorpions (D:5)
  A gnoll sergeant (D:9)
  A wyvern zombie (D:7)
  6 lindwurm simulacra (IceCv)
  32 killer bees
  7 wights (D:8)
  A howler monkey (D:6)
  5 electric eels
  A bullfrog zombie (D:7)
  A hound (D:6)
  A gnoll shaman (D:5)
  3 jellies
  An iguana (D:5)
  5 orc wizards
  A killer bee zombie (D:8)
  A hound zombie (D:5)
  A howler monkey zombie (D:6)
  14 gnolls
  3 adders
  3 river rats (Sewer)
  A shadow imp (D:6)
  A white imp (D:8)
  2 worms
  12 dart slugs
  24 orcs
  5 endoplasms
  3 giant cockroaches
  10 goblins
  9 hobgoblins
  12 jackals
  4 quokkas
  6 ball pythons
  4 bats
  A frilled lizard (D:3)
  4 kobolds
  9 rats
597 creatures vanquished.

Vanquished Creatures (collateral kills)
  Nikola (Spider:2)
  A golden dragon (IceCv)
  Arachne (Spider:3)
  2 ghost moths
  An emperor scorpion (Spider:3)
  An entropy weaver (Spider:3)
  A hydra (Lair:2)
  An ice dragon (IceCv)
  A catoblepas (Lair:3)
  2 sea snakes
  2 wolf spiders
  5 orb spiders
  An oklob plant (Lair:1)
  A manticore (Shoals:3)
  A merfolk siren (Shoals:1)
  3 cane toads
  4 demonic crawlers
  A merfolk (Shoals:1)
  5 jumping spiders
  2 hornets
  A wind drake (Shoals:1)
  A troll (D:9)
  A snapping turtle (Shoals:1)
  2 dream sheep (Shoals:3)
  A water elemental (Shoals:2)
  A yak (Lair:1)
  7 tarantellas
  10 redbacks
  A water moccasin (Lair:3)
  A bullfrog (Lair:2)
  5 killer bees (Lair:3)
  2 orcs (D:9)
70 creatures vanquished.

Vanquished Creatures (others)
  An orb spider (Spider:1)
  A demonic crawler (Spider:2)
  A tarantella (Spider:2)
  21 hexers
  7 ancestors
  9 fungi
  37 plants
77 creatures vanquished.

Grand Total: 744 creatures vanquished

Notes
Turn   | Place    | Note
-------+----------+-------------------------------------------
     0 | D:1      | ZARRMARR the Minotaur Fighter began the quest for the Orb.
     0 | D:1      | Reached XP level 1. HP: 19/19 MP: 0/0
   175 | D:1      | Reached XP level 2. HP: 24/27 MP: 1/1
   909 | D:2      | Found a faded altar of an unknown god.
   917 | D:2      | Reached XP level 3. HP: 33/33 MP: 2/2
  1032 | D:2      | Found an ancient bone altar of Kikubaaqudgha.
  1113 | D:2      | Reached skill level 1 in Throwing
  1127 | D:2      | You fall into a shaft and drop 2 floors!
  1842 | D:2      | Reached XP level 4. HP: 40/40 MP: 3/3
  2228 | D:3      | You fall into a shaft and drop 1 floor!
  2641 | D:3      | Reached skill level 2 in Throwing
  2975 | D:3      | Reached XP level 5. HP: 36/46 MP: 4/4
  3280 | D:3      | Reached skill level 5 in Armour
  3411 | D:4      | Noticed an ogre
  3426 | D:4      | Killed an ogre
  3427 | D:4      | Reached skill level 3 in Throwing
  3653 | D:4      | Noticed a phantom
  3663 | D:4      | Killed a phantom
  3664 | D:4      | Reached XP level 6. HP: 38/53 MP: 5/5
  4117 | D:5      | Entered Level 5 of the Dungeon
  4129 | D:5      | Reached skill level 4 in Throwing
  4234 | D:5      | Reached XP level 7. HP: 52/60 MP: 6/6
  4429 | D:5      | Found Gozag's Platinum Reserve.
  4432 | D:5      | Found an opulent altar of Gozag.
  4455 | D:5      | Reached skill level 5 in Maces & Flails
  4515 | D:5      | Reached skill level 1 in Dodging
  4923 | D:5      | Reached skill level 5 in Throwing
  5127 | D:5      | Reached XP level 8. HP: 63/67 MP: 7/7
  5368 | D:6      | Reached skill level 5 in Shields
  5388 | D:6      | Found a sacrificial altar of Ru.
  5406 | D:6      | Became a worshipper of Ru the Awakened
  5420 | D:6      | Reached skill level 6 in Throwing
  5448 | D:6      | Found a staircase to the Ecumenical Temple.
  5472 | D:6      | Found a glowing drain.
  5484 | Sewer    | Entered a sewer
  5782 | Sewer    | Reached skill level 5 in Fighting
  5836 | Sewer    | Found a white marble altar of Elyvilon.
  6420 | D:6      | Reached skill level 7 in Throwing
  7445 | D:6      | Reached XP level 9. HP: 48/74 MP: 8/8
  7565 | D:7      | Reached skill level 8 in Throwing
  7635 | D:7      | Found a radiant altar of Vehumet.
  8170 | D:7      | Found a shimmering altar of Xom.
  8170 | D:7      | Found a hazy altar of Hepliaklqana.
  8172 | D:7      | Found a broken altar of Ashenzari.
  8172 | D:7      | Found a hide-covered altar of Uskayaw.
  8183 | D:7      | Fell from the grace of Ru
  8183 | D:7      | Became a worshipper of Hepliaklqana the Forgotten
  8539 | D:8      | Found a blossoming altar of Fedhas.
  8843 | D:8      | Reached skill level 9 in Throwing
  9154 | D:8      | Noticed a two-headed ogre
  9160 | D:8      | Killed a two-headed ogre
  9161 | D:8      | Reached XP level 10. HP: 81/81 MP: 9/9
  9246 | D:8      | Found a glowing silver altar of Zin.
  9508 | D:8      | Reached skill level 10 in Throwing
  9751 | D:9      | Found a staircase to the Lair.
  9807 | D:9      | Found Kesiyxt's Assorted Antiques.
  9808 | D:9      | Noticed a two-headed ogre
  9831 | D:9      | Killed a two-headed ogre
 10118 | D:9      | Bought a scroll of identify for 46 gold pieces
 10311 | D:9      | Reached * piety under Hepliaklqana
 10315 | D:9      | Identified the +13 plate armour "Acag" {Int+2}
 10585 | D:9      | Noticed a two-headed ogre
 10590 | D:9      | Killed a two-headed ogre
 10605 | D:9      | Found a bloodstained altar of Trog.
 11022 | Lair:1   | Entered Level 1 of the Lair of Beasts
 11022 | Lair:1   | Noticed a cane toad
 11033 | Lair:1   | Killed a cane toad
 11034 | Lair:1   | Reached XP level 11. HP: 81/81 MP: 10/10
 11204 | Lair:1   | Noticed a seven-headed hydra
 11225 | Lair:1   | Reached skill level 11 in Throwing
 11226 | Lair:1   | Noticed an oklob plant
 11226 | Lair:1   | Noticed an oklob plant
 11260 | Lair:1   | Killed a seven-headed hydra
 11597 | Lair:1   | Noticed an eight-headed hydra
 11610 | Lair:1   | Killed an eight-headed hydra
 11611 | Lair:1   | Reached skill level 10 in Armour
 11997 | Lair:1   | Noticed Gastronok
 12016 | Lair:1   | Killed Gastronok
 12017 | Lair:1   | Reached skill level 12 in Throwing
 12147 | Lair:1   | You fall into a shaft and drop 1 floor!
 12147 | Lair:2   | Reached ** piety under Hepliaklqana
 12151 | Lair:2   | Reached skill level 10 in Maces & Flails
 12168 | Lair:2   | Reached XP level 12. HP: 53/90 MP: 11/11
 12170 | Lair:2   | Noticed a four-headed hydra
 12177 | Lair:2   | Killed a four-headed hydra
 12495 | Lair:2   | Remembered your ancestor Citlalmina as a hexer
 13083 | Lair:1   | Identified the +5 hand axe of the Eternal Warrior {flame,
                  | Str+3 Dex+3}
 13192 | Lair:2   | Reached skill level 10 in Shields
 13314 | Lair:2   | Noticed an eight-headed hydra
 13320 | Lair:2   | Killed a four-headed hydra
 13344 | Lair:2   | Reached skill level 1 in Axes
 13472 | Lair:2   | Found a hole to the Spider Nest.
 13681 | Lair:2   | Noticed a four-headed hydra
 13689 | Lair:2   | Killed a one-headed hydra
 13806 | Lair:2   | Reached skill level 1 in Evocations
 14023 | Spider:1 | Entered Level 1 of the Spider Nest
 14036 | Spider:1 | Reached skill level 5 in Axes
 14180 | Spider:1 | Reached XP level 13. HP: 60/99 MP: 12/12
 14232 | Spider:1 | Reached *** piety under Hepliaklqana
 14769 | Spider:2 | Identified the +0 tower shield "Xusia" {Harm Rampage}
 14769 | Spider:2 | Noticed Louise
 14816 | Spider:2 | Killed Louise
 14993 | Spider:2 | Noticed Frances
 15017 | Spider:2 | Killed Frances
 15030 | Spider:2 | Reached skill level 13 in Throwing
 15088 | Spider:2 | Noticed Nikola
 15240 | Spider:2 | Killed Nikola
 15374 | Spider:2 | Reached XP level 14. HP: 107/107 MP: 13/13
 16007 | Spider:3 | Reached skill level 10 in Axes
 16091 | Spider:3 | Reached skill level 10 in Fighting
 16096 | Spider:3 | Reached **** piety under Hepliaklqana
 16141 | Spider:3 | Reached skill level 14 in Throwing
 16169 | Spider:3 | Identified a scroll of acquirement
 16170 | Spider:3 | Acquired a manual of Axes
 16536 | Spider:3 | Noticed an emperor scorpion
 16571 | Spider:3 | Killed an emperor scorpion
 16780 | Spider:4 | Entered Level 4 of the Spider Nest
 17636 | Spider:4 | Noticed an emperor scorpion
 17645 | Spider:4 | Noticed Arachne
 17707 | Spider:4 | Noticed an emperor scorpion
 17724 | Spider:3 | Killed a ghost moth
 17938 | Spider:3 | Killed an emperor scorpion
 17966 | Spider:3 | Killed an emperor scorpion
 18084 | Spider:3 | Killed a ghost moth
 18101 | Spider:3 | Killed Arachne
 18219 | Spider:4 | Noticed an emperor scorpion
 18305 | Spider:3 | Killed an emperor scorpion
 18391 | Spider:4 | Killed a ghost moth
 18495 | Spider:4 | Reached skill level 15 in Throwing
 18529 | Spider:4 | Killed a ghost moth
 18530 | Spider:4 | Reached XP level 15. HP: 115/115 MP: 0/14
 19259 | Spider:4 | Killed a ghost moth
 19311 | Spider:4 | Got a gossamer rune of Zot
 19522 | Spider:4 | Killed a ghost moth
 20182 | Lair:3   | Found a runed translucent gate.
 20182 | Lair:3   | Found a runed translucent gate.
 20182 | Lair:3   | Found a runed translucent gate.
 20187 | Lair:3   | Noticed hawkwood's ghost (journeyman DgAr)
 20580 | Lair:3   | Found a staircase to the Shoals.
 21113 | Shoals:1 | Entered Level 1 of the Shoals
 21131 | Shoals:1 | Reached skill level 16 in Throwing
 21171 | Shoals:1 | Found a frozen archway.
 21202 | IceCv    | Entered an ice cave
 22445 | IceCv    | Noticed a golden dragon
 22584 | IceCv    | Killed a golden dragon
 22764 | IceCv    | Identified the ring of Laemomp {Fire rElec Int+2 Dex+2}
 23289 | Shoals:1 | Noticed Jorgrun
 23300 | Shoals:1 | Killed Jorgrun
 23402 | Shoals:1 | Found Raokan's Overcharged Wands.
 23417 | Shoals:1 | Reached ***** piety under Hepliaklqana
 23528 | Shoals:1 | Reached XP level 16. HP: 124/124 MP: 15/15
 23878 | Shoals:1 | Found Gasepp's Weapon Shoppe.
 25017 | Shoals:2 | Noticed Kirke
 25513 | Shoals:2 | Noticed a sphinx
 25514 | Shoals:2 | Killed Kirke
 25605 | Shoals:3 | Found Oxahatz's Antique Armour Emporium.
 25652 | Shoals:3 | Acquired a manual of Armour
 25958 | Shoals:3 | Reached skill level 15 in Shields
 26052 | Shoals:3 | Reached skill level 15 in Armour
 26644 | Shoals:4 | Entered Level 4 of the Shoals
 26655 | Shoals:4 | HP: 4/126 [merfolk javelineer/silver javelin (12)]
 26655 | Shoals:4 | Hit by a javelin thrown by a merfolk javelineer

Illustrated notes

Levels and vault maps discovered:
D:1:      wander_arrival_peaceful_grave, layout_loops_ring
D:2:      layout_basic, basic_altar, ebering_ecumenical_altar_webs
D:3:      cheibrodos_greedy_goblins, layout_basic
D:4:      kennysheep_slugbush, layout_basic, kennysheep_generic_room_5
D:5:      minmay_evil_eye, layout_rooms, nicolae_gozag_zags_fifth_avenue
D:6:      layout_layer_cave, nicolae_ru_sacrificial_ziggurat,
          minmay_temple_entry_stoned_glass, cheibrodos_sewer_entry_drain
D:7:      layout_basic, mainiacjoe_overflow_alcove_3, lemuel_crystal_altar,
          grunt_ministairs_1, hangedman_abyss_or_decor_passed,
          kennysheep_another_room
D:8:      layout_loops_ring, mainiacjoe_overflow_24_doors, zin_treasury,
          grunt_ministairs_6, hangedman_decor_slide_cut, minmay_misc_feat_five,
          chequers_serial_rivers_micro_c, kennysheep_generic_room_7
D:9:      layout_loops_ring, trog_book, lair_entry_dummy, kennysheep_diamond,
          evilmike_butchery
Lair:1:   layout_chaotic_city, nicolae_lair_grove_arrangements,
          grunt_megastairs_5, serial_bayou_shore_b, minmay_lair_oklob_chamber,
          infiniplex_staircase_pool, uniq_gastronok
Lair:2:   layout_roguey, spider_nest_entry_web_field,
          nicolae_quartered_pool_little, serial_bayou_shore_b,
          grunt_megastairs_2, serial_bayou_shore_a
Lair:3:   wad_woods_minihive, layout_cave_pods, minmay_shoals_entry_beasts,
          maelrawn_ghost_gauntlet_escape, serial_forest,
          infiniplex_forest_straight_4, infiniplex_forest_fountain,
          infiniplex_forest_clump_small, infiniplex_forest_end_2,
          infiniplex_forest_lined_corner, infiniplex_forest_clump_large,
          infiniplex_forest_clump_curved
Shoals:1: layout_shoals, portal_ice_cave_entry_ice_statue_one, serial_shops,
          nicolae_shop_statue_plus, nicolae_shoals_stone_sculpture_thing,
          nicolae_shop_overcharged_wands, uniq_jorgrun
Shoals:2: layout_shoals, nicolae_shoals_flooded_hall, uniq_kirke
Shoals:3: layout_shoals, serial_shops, nicolae_shop_overgrown_old_shop
Shoals:4: shoals_end_grunt_ice, layout_shoals,
          nicolae_shoals_kraken_intersection, uniq_bai_suzhen, uniq_polyphemus
Spider:1: layout_spider_delve
Spider:2: layout_spider_delve, einodemon_crawler_minivault, uniq_nikola,
          uniq_louise, uniq_frances
Spider:3: layout_spider_delve, nicolae_spider_twisty_arc_passages,
          hangedman_spider_tarantella_strand
Spider:4: johnstein_spider_rune_arachne_lair

Skill      XL: |  1  2  3  4  5  6  7  8  9 10 11 12 13 14 15 16 |
---------------+-------------------------------------------------+-----
Armour         | 4 5 6 7 8 9 10 11 12 13 15 | 15.0
Shields        | 4 5 6 7 9 11 13 14 15 | 15.4
Throwing       | 1 2 3 4 5 7 9 10 12 13 15 16 | 16.0
Fighting       | 4 5 6 7 9 10 11 12 | 12.5
Maces & Flails | 3 4 5 6 7 8 10 12 14 | 14.3
Dodging        | 1 2 3 4 |  4.5
Axes           | 7 9 12 | 12.5
Evocations     | 1 |  1.4

Action                   |  1- 3 |  4- 6 |  7- 9 | 10-12 | 13-15 | 16-18 || total
-------------------------+-------+-------+-------+-------+-------+-------++-------
Melee: Flail             |    91 |   100 |   199 |   214 |       |       ||   604
       Headbutt          |     8 |    19 |    46 |    93 |   239 |    37 ||   442
       Hand axe          |       |       |       |    83 |   526 |       ||   609
       Eveningstar       |       |       |       |       |   237 |   123 ||   360
Throw: Stone             |    87 |    30 |     5 |       |       |       ||   122
       Dart              |       |    38 |    39 |    33 |   365 |     1 ||   476
       Boomerang         |       |       |   120 |   176 |    36 |   217 ||   549
       Throwing net      |       |       |       |     1 |       |       ||     1
       Javelin           |       |       |       |       |    69 |    45 ||   114
Invok: Reject Sacrifices |       |       |     1 |       |       |       ||     1
       Recall Ancestor   |       |       |       |     1 |     2 |       ||     3
       Ancestor Life: He |       |       |       |     1 |       |       ||     1
Evoke: Tin of tremorston |       |       |       |     2 |       |       ||     2
       Wand              |       |       |       |       |     4 |       ||     4
  Use: Scroll            |     3 |     4 |     5 |     7 |     9 |     4 ||    32
       Potion            |       |       |       |       |     4 |     1 ||     5
 Stab: Confused          |       |       |       |     2 |     6 |     2 ||    10
       Distracted        |       |       |       |       |     8 |       ||     8
       Held in net/web   |       |       |       |       |     1 |       ||     1
       Paralysed         |       |       |       |       |     8 |     5 ||    13
Armor: Scale mail        |    32 |    27 |    80 |    21 |       |       ||   160
       Plate armour      |       |       |       |   191 |   578 |    65 ||   834
Dodge: Dodged            |    42 |    21 |    73 |   125 |   230 |    31 ||   522
Block: Kite shield       |    44 |    47 |   120 |   239 |   544 |    26 ||  1020
       Tower shield      |       |       |       |       |       |   125 ||   125
